 Dungeon Crawl Stone Soup version 0.28.0 (webtiles) character file.

Game seed: 13386872080391799261

957 SnakkuSnakku7 the Poker (level 8, -24/54 HPs)
             Began as a Djinni Gladiator on Feb 10, 2022.
             Was an Initiate of Cheibriados.
             Annihilated by an ogre (28 damage)
             ... on level 5 of the Dungeon.
             The game lasted 00:05:28 (3692 turns).

SnakkuSnakku7 the Poker (Djinni Gladiator)          Turns: 3692, Time: 00:05:29

Health: -24/54     AC:  4    Str: 14    XL:     8   Next: 37%
Gold:   222        EV: 12    Int: 14    God:    Cheibriados [......] SH:  0 Dex: 13

rFire   + + +      SeeInvis .   a - +8 glaive "Bumeucwou" {drain, rF++ rCorr Dex-2 Stlth+}
rCold   x . .      Faith    .   (shield currently unavailable)
rNeg    . . .      Spirit   .   b - +0 leather armour
rPois   ∞          Reflect  .   c - +0 helmet
rElec   .          Harm     .   (no cloak)
rCorr   +          Rampage  .   (no gloves)
Will    .....                   (boots unavailable)
Stlth   ++........              (no amulet)
HPRegen 0.18/turn               e - ring of resist corrosion
MPRegen 0.00/turn               (no ring)

@: flying, very slow
A: sickness immunity, fire resistance 2, cold vulnerability 1, float, innate
caster, HP casting, extra vitality 1
a: Renounce Religion


You were on level 5 of the Dungeon.
You worshipped Cheibriados.
Cheibriados was noncommittal.
You visited 2 branches of the dungeon, and saw 6 of its levels.

You collected 222 gold pieces.

Inventory:

Hand Weapons
 a - the +8 glaive "Bumeucwou" (weapon) {drain, rF++ rCorr Dex-2 Stlth+}
   (You found it on level 3 of the Dungeon)

   A truly terrible weapon, it drains the life of any living foe it strikes.
   Dex:       It affects your dexterity (-2).
   rF:        It greatly protects you from fire.
   rCorr:     It protects you from acid and corrosion.
   Stlth:     It makes you more stealthy.
 o - a +0 quarterstaff
Missiles
 d - 3 throwing nets
 k - 94 stones
 q - 11 poisoned darts
Armour
 b - a +0 leather armour (worn)
 c - a +0 helmet (worn)
Jewellery
 e - a ring of resist corrosion (left hand)
 f - a ring of protection from fire
Wands
 t - a wand of flame (29)
Scrolls
 g - 3 scrolls of teleportation {unknown}
 j - 3 scrolls of magic mapping {unknown}
 m - 2 scrolls of identify {unknown}
 n - 2 scrolls of immolation {unknown}
 r - 2 scrolls of summoning {unknown}
 s - 2 scrolls of enchant armour {unknown}
 v - a scroll of fear {unknown}
 w - a scroll of enchant weapon {unknown}
 y - a scroll of fog {unknown}
Potions
 h - a potion of magic {unknown}
 i - a potion of flight {unknown}
 l - 2 potions of degeneration
 p - a potion of lignification
 u - a potion of might {unknown}
 x - a potion of haste {unknown}


   Skills:
 - Level 2.0 Fighting
 + Level 6.7(7.0) Polearms
 - Level 2.6(5.4) Staves
 - Level 1.5 Throwing
 - Level 3.2 Dodging
 - Level 2.7 Spellcasting


You had 6 spell levels left.
You knew the following spells:

 Your Spells              Type           Power      Damage    Failure   Level
a - Sandblast             Erth           18%        2d7       10%         1
b - Wereblood             Tmut           9%         N/A       14%         2
c - Call Canine Familiar  Summ           9%         N/A       28%         3
Your spell library was empty.

Dungeon Overview and Level Annotations

Branches:
Dungeon (5/15)             Temple (1/1) D:5

Altars:
Ashenzari
Cheibriados
Dithmenos
Fedhas
Makhleb
Nemelex Xobeh
Qazlal
Trog
Uskayaw
Vehumet
Wu Jian
Xom
Zin

Shops:
D:3 [


Innate Abilities, Weirdness & Mutations

You are immune to sickness and miasma.
You are immune to poison.
Your flesh is very heat resistant. (rF++)
You are vulnerable to cold. (rC-)
You float through the air rather than walking.
You learn spells naturally, not from books.
Your magical power is your life essence.
You have superior vitality. (+4 MHP)


Message History

No target in view!
y - a scroll labelled WALLEA ACREDD
s - 2 scrolls labelled XEOFOATYOS (gained 1)
j - 3 scrolls labelled FAANTUMIUT (gained 1) HP restored.
Found a stone staircase leading down.
You now have 222 gold pieces (gained 8).
Found a stone staircase leading up.
As you open the door, it creaks loudly!
Found an escape hatch in the floor.
There is an open door here.
There is an escape hatch in the floor here.
You reach down and open the door.
There is an open door here.
An ogre comes into view. It is wielding a +0 giant club.
Found a scroll labelled HIAVIZX NYRI.
The ogre shouts!
You hit the ogre.
The ogre is moderately wounded.
The ogre barely misses you.
You slash the ogre!
The ogre is almost dead.
The ogre hits you with a +0 giant club!!
Ouch! That really hurt!
You are too injured to fight recklessly!
You are too injured to fight recklessly!
You are too injured to fight recklessly!
You barely miss the ogre.
The ogre is almost dead.
The ogre closely misses you.
You hit the ogre.
The ogre is almost dead.
The ogre hits you with a +0 giant club!!
* * * LOW HITPOINT WARNING * * *
Unknown command.
You barely miss the ogre.
The ogre is almost dead.
The ogre hits you with a +0 giant club!!
Ouch! That really hurt!
You die...

............ ...###.
###....#..... .......#
#..>......[.. ....?..#
#............ ....(..#
#.....##..### ......
#........<... #....#
#............ #.##O##
#..##..#....#
#..#.@####......#.##.#
#..........##........
#....#.#...#<.....#.#
#...#.#.#..#..#.....#
#..#.#.#.#....###....
#...#.>.#........####
#..#.#.#.#|#.###...#
#...#.#.#..#...#...#
#....#.#....##.#...##


You could see an ogre.

Vanquished Creatures
  A black bear (D:5)
  An ice beast (D:5)
  2 necrophages
  A phantom (D:5)
  A scorpion (D:5)
  A wyvern skeleton (D:5)
  2 water moccasin skeletons
  A howler monkey (D:5)
  A hound (D:5)
  2 iguanas
  A statue (D:4)
  A hound zombie (D:5)
  6 adders
  A white imp (D:5)
  An adder zombie (D:3)
  A worm (D:4)
  4 dart slugs
  3 orcs
  2 bats
  10 endoplasms
  5 giant cockroaches
  6 hobgoblins
  2 quokkas
  8 ball pythons
  A frilled lizard (D:1)
  12 goblins
  9 kobolds
  9 rats
95 creatures vanquished.

Notes
Turn   | Place    | Note
-------+----------+-------------------------------------------
     0 | D:1      | SnakkuSnakku7 the Djinni Gladiator began the quest for the
                  | Orb.
     0 | D:1      | Reached XP level 1. HP: 18/18 MP: 0/0
   164 | D:1      | Reached skill level 1 in Spellcasting
   164 | D:1      | Reached XP level 2. HP: 13/23 MP: 0/0
   545 | D:1      | Reached XP level 3. HP: 28/28 MP: 0/0
   545 | D:1      | Learned a level 1 spell: Sandblast
   688 | D:1      | Found a faded altar of an unknown god.
  1424 | D:2      | Reached XP level 4. HP: 31/33 MP: 0/0
  1743 | D:3      | Identified the +8 glaive "Bumeucwou" {drain, rF++ rCorr
                  | Dex-2 Stlth+}
  1882 | D:3      | Reached skill level 1 in Polearms
  2049 | D:3      | Found Gefi's Antique Armour Shop.
  2317 | D:3      | Reached XP level 5. HP: 38/38 MP: 0/0
  2317 | D:3      | Learned a level 2 spell: Wereblood
  2490 | D:4      | Reached skill level 2 in Polearms
  2516 | D:4      | Found a shadowy altar of Dithmenos.
  2610 | D:4      | Noticed a necrophage
  2624 | D:4      | Killed a necrophage
  2625 | D:4      | Reached skill level 3 in Polearms
  2625 | D:4      | Reached XP level 6. HP: 14/43 MP: 0/0
  3148 | D:4      | Reached skill level 4 in Polearms
  3182 | D:5      | Entered Level 5 of the Dungeon
  3190 | D:5      | Reached XP level 7. HP: 42/49 MP: 0/0
  3190 | D:5      | Learned a level 3 spell: Call Canine Familiar
  3193 | D:5      | Found a staircase to the Ecumenical Temple.
  3225 | Temple   | Entered the Ecumenical Temple
  3274 | Temple   | Became a worshipper of Cheibriados the Contemplative
  3306 | D:5      | Reached skill level 5 in Polearms
  3508 | D:5      | Reached XP level 8. HP: 54/54 MP: 0/0
  3519 | D:5      | Reached skill level 6 in Polearms
  3529 | D:5      | Found a burning altar of Makhleb.
  3692 | D:5      | Annihilated by an ogre

Illustrated notes

Levels and vault maps discovered:
D:1:      lemuel_arrival_muddy, layout_rooms, shapermc_ecumenical_altar_petra,
          wander_ebering_terrifying_dragon_lair
D:2:      layout_rooms, minmay_mini_jars
D:3:      layout_loops_corners, serial_shops, nicolae_lakefront_shop,
          minmay_hedge_maze, corexii_hall_statues_u
D:4:      layout_basic, amcnicky_altar_gilded, vehumet_statue,
          serial_bayou_pond_a
D:5:      layout_basic, dk_yredelemnul_ordeal, mainiacjoe_overflow_catwalk,
          minmay_temple_entry_grid
Temple:   eino_wide_crystal_templ

Skill      XL: |  1  2  3  4  5  6  7  8 |
---------------+-------------------------+-----
Spellcasting   | 1 2 |  2.7
Polearms       | 1 3 4 5 6 |  6.7
Fighting       | |  2.0
Staves         | |  2.6
Throwing       | |  1.5
Dodging        | |  3.2

Action                   |  1- 3 |  4- 6 |  7- 9 || total
-------------------------+-------+-------+-------++-------
Melee: Quarterstaff      |   117 |    29 |       ||   146
       Glaive            |       |    64 |    45 ||   109
  Use: Potion            |       |       |     2 ||     2
 Stab: Sleeping          |     1 |     8 |     1 ||    10
Armor: Leather armour    |    39 |    15 |     9 ||    63
       Skin              |       |       |    12 ||    12
Dodge: Dodged            |    92 |    47 |    14 ||   153
